cohdb
Replays
Latest Replays
All Replays
Popular Replays
Top Player Replays
Match Explorer
How It Works
Community
CoH3 Stats
Reddit
Sign in to upload your games and track your stats! →
Sign in with Steam
Match 40576716
Unlisted
Match 40576716
Overview
Messages
Build Orders
End
Panzergrenadier Squad
Selects Armored Support Battlegroup
Panzergrenadier Squad
Construct Light Support Kompanie
MG34 Team
Fire Support Elements
2.5-tonne Medical Truck
le.IG 18 Support Gun Team
Construct Mechanized Kompanie
Construct Panzerarmee Kommand
Veteran Squad Leaders
Panzerpioneer Squad
Vehicle Survival Package
Panzer III L Medium Tank
Selects Salvage Kits
Panzer III L Medium Tank
Walking Stuka Rocket Launcher
Heesh
Unsafe
The Last Hussar
[Strike]LaserClaw
Wonder
Para_Spoon
0
0
Comments
sign in to comment!
No comments posted yet!